 Dungeon Crawl Stone Soup version 0.21.1-1-g345015f (webtiles) character file.

168 kae the Insei (level 5, -1/41 HPs)
             Began as a Draconian Transmuter on June 4, 2018.
             Slain by voodoowoodoo's ghost (10 damage)
             ... on level 3 of the Dungeon.
             The game lasted 00:02:12 (2712 turns).

kae the Insei (Draconian Transmuter)                Turns: 2712, Time: 00:02:13

Health: -1/41      AC:  5    Str: 17    XL:     5   Next: 24%
Magic:  9/9        EV: 12    Int: 14    God:
Gold:   135        SH:  0    Dex: 12    Spells: 3/9 levels left

rFire    . . .     SeeInvis .     - Unarmed
rCold    . . .     Gourm    .   (no shield)
rNeg     . . .     Faith    .   (armour unavailable)
rPois    .         Spirit   .   (helmet restricted)
rElec    .         Reflect  .   (no cloak)
rCorr    +         Harm     .   (no gloves)
MR       .....                  (no boots)
Stlth    +.........             (no amulet)
HPRegen  0.13/turn              j - ring of resist corrosion
MPRegen  0.11/turn              (no ring)

@: mighty, drained
A: unfitting armour, cold-blooded, AC +5
a: no special abilities


You were on level 3 of the Dungeon.
You were not hungry.

You visited 1 branch of the dungeon, and saw 3 of its levels.

You collected 135 gold pieces.

Inventory:

Missiles
 a - 30 arrows
Jewellery
 j - a ring of resist corrosion (left hand)
 l - a cursed -2 ring of strength {unknown}
Scrolls
 k - a scroll of identify
Potions
 d - a potion of might
 e - 3 potions of flight
 f - 5 potions of curing
 h - a potion of invisibility
 i - a potion of agility {unknown}
Books
 b - a book of Changes

   Spells                             Type                      Level
   a - Beastly Appendage              Transmutation                1
   b - Sticks to Snakes               Transmutation                2
   c - Spider Form                    Transmutation/Poison         3
   d - Ice Form                       Ice/Transmutation            4
   e - Blade Hands                    Transmutation                5
Comestibles
 c - 3 rations


   Skills:
 + Level 2.2(1.3) Fighting
 + Level 2.3(1.5) Dodging
 * Level 4.0(3.1) Unarmed Combat
 + Level 2.7(1.8) Spellcasting
 * Level 3.4(2.6) Transmutations


You had 3 spell levels left.
You knew the following spells:

 Your Spells              Type           Power        Failure   Level  Hunger
a - Beastly Appendage     Tmut           #.....       9%          1    ##.....
b - Sticks to Snakes      Tmut           #.......     12%         2    ###....
c - Spider Form           Tmut/Pois      #.........   38%         3    ####...


Dungeon Overview and Level Annotations

Branches:
Dungeon (3/15)

Altars:
Qazlal

Annotations:
D:3 Robin; voodoowoodoo's ghost, amateur HuFi


Innate Abilities, Weirdness & Mutations

Your plain brown scales are hard. (AC +5)
You cannot fit into any form of body armour.
You are cold-blooded and may be slowed by cold attacks.


Message History

Robin roars a battlecry!
The goblins go into a battle-frenzy!
The goblin closely misses you. Voodoowoodoo's ghost hits you!
* * * LOW HITPOINT WARNING * * *
You barely miss voodoowoodoo's ghost.
Voodoowoodoo's ghost is moderately damaged.
The goblin closely misses you.
Voodoowoodoo's ghost completely misses you.
You feel much better. The goblin hits you.
Voodoowoodoo's ghost closely misses you.
You hit voodoowoodoo's ghost.
Voodoowoodoo's ghost is moderately damaged.
The goblin hits you but does no damage. Voodoowoodoo's ghost hits you!
* * * LOW HITPOINT WARNING * * *
You closely miss voodoowoodoo's ghost.
Voodoowoodoo's ghost is moderately damaged.
The goblin hits you.
* * * LOW HITPOINT WARNING * * *
Voodoowoodoo's ghost hits you!
You die...

#....# ###### #....# ...... [
#....###### ...... ..
###...>...... ..?... ...
w.g####......###### ...... ....
..ggg.†).......# ...... .....
###........# ......
#...wg######........#### ......
#.SgW@gg..........(... .#####
#.#####....###.......# .#
######## #........'.'.......+ .#
#......###(###....###.......# .#
#............########.......# .#
#.........)..######..........
.####..........(.....##.#........
.(..#................##.#######..
....#...........%....##.# ###..


You could see a worm, Robin, voodoowoodoo's ghost, an adder, a hobgoblin and 2
goblins.

Vanquished Creatures
  A water moccasin skeleton (D:3)
  An adder (D:2)
  An ooze (D:1)
  2 worms (D:2)
  4 dart slugs
  4 leopard geckos
  9 orcs (D:3)
  6 giant cockroaches
  8 goblins
  8 hobgoblins
  4 jackals (D:1)
  7 kobolds
  A ball python (D:2)
  10 bats
  4 frilled lizards
  6 rats
76 creatures vanquished.

Notes
Turn   | Place    | Note
-------+----------+-------------------------------------------
     0 | D:1      | kae the Draconian Transmuter began the quest for the Orb.
     0 | D:1      | Reached XP level 1. HP: 16/16 MP: 3/3
   107 | D:1      | Reached XP level 2. HP: 17/23 MP: 3/5
   498 | D:1      | Reached XP level 3. HP: 27/28 MP: 4/6
  1787 | D:2      | Reached XP level 4. HP: 35/36 MP: 5/7
  2056 | D:3      | Noticed voodoowoodoo's ghost (amateur HuFi)
  2172 | D:3      | Learned a level 2 spell: Sticks to Snakes
  2176 | D:3      | Learned a level 3 spell: Spider Form
  2232 | D:3      | Noticed an air elemental
  2238 | D:3      | Found a stormy altar of Qazlal.
  2239 | D:3      | Noticed an earth elemental
  2239 | D:3      | Noticed a water elemental
  2239 | D:3      | Noticed a fire elemental
  2472 | D:3      | Reached XP level 5. HP: 19/41 MP: 8/8
  2684 | D:3      | Noticed Robin
  2699 | D:3      | Reached skill level 4 in Unarmed Combat
  2712 | D:3      | Slain by voodoowoodoo's ghost

Skill      XL: |  1  2  3  4  5 |
---------------+----------------+-----
Dodging        | 2 |  2.3
Transmutations | 3 |  3.4
Fighting       | 2 |  2.2
Unarmed Combat | 4 |  4.0
Spellcasting   | |  2.7

Action                   |  1- 3 |  4- 6 || total
-------------------------+-------+-------++-------
Melee: Unarmed           |   144 |   122 ||   266
       Tailslap          |    10 |    15 ||    25
       Headbutt          |     6 |     1 ||     7
       Kick              |     2 |    11 ||    13
       Punch             |     3 |       ||     3
 Cast: Beastly Appendage |    13 |     8 ||    21
  Use: Scroll            |     4 |     5 ||     9
       Potion            |       |     3 ||     3
  Eat: Chunk             |     2 |     4 ||     6
Armor: Skin              |    51 |    43 ||    94
Dodge: Dodged            |   109 |    85 ||   194
